 Dungeon Crawl Stone Soup version 0.25.1-2-g60ff931df9 (webtiles) character file.

Game seed: 9547517684203821667

5606 gruber the Carver (level 10, -32/91 HPs)
             Began as a Minotaur Fighter on Aug 21, 2020.
             Was a Priest of Makhleb.
             Killed from afar by a wizard (42 damage)
             ... with a fireball
             ... on level 2 of the Abyss.
             The game lasted 00:14:40 (9740 turns).

gruber the Carver (Minotaur Fighter)                Turns: 9740, Time: 00:14:41

Health: -32/91     AC: 14    Str: 27    XL:     10   Next: 45%
Magic:  3/3        EV:  6    Int:  5    God:    Makhleb [***...]
Gold:   418        SH: 12    Dex: 11    Spells: 9/9 levels left

rFire    . . .     SeeInvis .   h - +7 dagger "Kiosihu" {antimagic, Str+4 Stlth-}
rCold    . . .     Gourm    .   c - +0 kite shield
rNeg     . . .     Faith    .   i - +0 plate armour
rPois    .         Spirit   .   (helmet restricted)
rElec    .         Reflect  .   (no cloak)
rCorr    .         Harm     .   (no gloves)
MR       .....                  (no boots)
Stlth    ..........             (no amulet)
HPRegen  0.25/turn              (no ring)
MPRegen  0.08/turn              (no ring)

@: no status effects
A: retaliatory headbutt, horns 2
a: Minor Destruction, Lesser Servant of Makhleb, Renounce Religion


You were on level 2 of the Abyss.
You worshipped Makhleb.
Makhleb was most pleased with you.
You were not hungry.

You visited 2 branches of the dungeon, and saw 9 of its levels.
You visited the Abyss 1 time.
You also visited: Sewer and Bailey.

You collected 418 gold pieces.

Inventory:

Hand Weapons
 a - a +0 long sword
 h - the +7 dagger "Kiosihu" (weapon) {antimagic, Str+4 Stlth-}
   (You found it on level 4 of the Dungeon)

   It reduces the magical energy of the wielder, and disrupts the spells and
   magical abilities of those hit.
   Natural abilities and divine invocations are not affected.
   It affects your strength (+4).
   It makes you less stealthy.
Missiles
 q - 58 poisoned darts (quivered)
Armour
 c - a +0 kite shield (worn)
 i - a +0 plate armour (worn)
Wands
 d - a wand of flame (9)
 u - a wand of iceblast (1)
 D - a wand of acid (2)
Scrolls
 b - 11 scrolls of teleportation
 g - 2 scrolls of magic mapping {unknown}
 l - 6 scrolls of identify
 n - 3 scrolls of remove curse {unknown}
 p - 3 scrolls of blinking {unknown}
 r - 2 scrolls of immolation {unknown}
 t - a scroll of noise {unknown}
 x - 2 scrolls of enchant armour {unknown}
 y - a scroll of amnesia {unknown}
 z - a scroll of summoning {unknown}
 A - a scroll of acquirement {unknown}
Potions
 e - a potion of heal wounds
 j - 2 potions of degeneration
 k - 6 potions of curing
 m - 4 potions of brilliance
 o - 5 potions of flight
 s - 4 potions of lignification
 v - 2 potions of magic
 w - a potion of cancellation
 C - a potion of experience {unknown}
Comestibles
 f - 11 rations
 B - 4 chunks of flesh


   Skills:
 - Level 9.2 Fighting
 * Level 11.8 Long Blades
 - Level 10.2 Armour
 - Level 8.1 Shields


You had 9 spell levels left.
You didn't know any spells.
Your spell library contained the following spells:

 Spells                   Type           Power        Failure   Level  Hunger
 Animate Skeleton         Necr           N/A          100%        1    ##.....
 Apportation              Tloc           #.....       100%        1    ##.....
 Corona                   Hex            #......      100%        1    ##.....
 Summon Small Mammal      Summ           #...         100%        1    ##.....
 Bolt of Magma            Conj/Fire/Erth #.........   100%        5    ######.
 Iskenderun's Battlesphe  Conj/Chrm      #.......     100%        5    ######.
 Iron Shot                Conj/Erth      #.........   100%        6    #######
 Orb of Destruction       Conj           #.........   100%        7    #######
 Spellforged Servitor     Conj/Summ      #.........   100%        7    #######


Dungeon Overview and Level Annotations

Branches:
Dungeon (8/15)             Temple (1/1) D:6           Sewer (visited)
 Bailey (visited)
   Lair: D:8-11

Altars:
Ashenzari
Dithmenos
Elyvilon
Fedhas
Gozag
Hepliaklqana
Kikubaaqudgha
Makhleb
Nemelex Xobeh
Trog
Uskayaw
Vehumet
Yredelemnul
The Shining One

Shops:
D:7 [

Annotations:
D:5 3 runed translucent doors, Velaskes's ghost, amateur DsAK
D:8 Psyche


Innate Abilities, Weirdness & Mutations

You reflexively headbutt those who attack you in melee.
You have a pair of horns on your head.


Message History

Press: ? - help, Shift-Dir - straight line, f/p - wizard
Aim: a wizard, wielding a +0 dagger and wearing a +0 robe (moderately wounded, covered in acid)
The bolt of acid misses the wizard.
The wizard gestures at you while chanting.
The lance of force hits you!!
* * * LOW HITPOINT WARNING * * *
You are knocked back by the lance of force.
You slam into the crystal wall!
* * * LOW HITPOINT WARNING * * *
Unknown command.
The wizard points at you and mumbles some strange words.
You shrug off the repeated paralysis!
The wizard shouts, "Entram moth deg ulag!"
The wizard mumbles some strange words.
The wizard blinks!
Tentacles burst from the starspawn's body! 2 starspawn tentacles come into view.
The wizard points at you and mumbles some strange words.
The fireball explodes!
The fireball engulfs you!!!
You die...

.#.#..##... #
... #....#..# #
## # ### #..# .
. .###.......#
## . ##
.##..#.#.###.##
#.. #.
.#.p.#...# .
... #..
####..#....# #.
#.## #
#...###.####
.... .#.. .
#@#..##.#.#
......
##.###.Xw..#
..#.X. .#.
###w.## # w
#.#...#.# #..#
# ...#.#.#.# #
#### . # .### .
.#.. # ...
..#.#..###.. #
.###.. .# .. ..
#..#.


You could see a wizard (corroded).

Vanquished Creatures
  An orc warlord (Bailey)
  A manticore (D:8)
  A spiny frog (shapeshifter) (Abyss:2)
  A large abomination (Abyss:2)
  2 hippogriffs
  A hungry ghost (D:7)
  A water moccasin (D:6)
  2 ice beasts (D:6)
  2 sky beasts
  13 orc warriors (Bailey)
  An ogre (D:4)
  3 centaurs
  A big kobold (D:6)
  A water moccasin zombie (D:7)
  5 bullfrogs
  A vampire bat (D:5)
  A crimson imp (D:6)
  An orc priest (D:6)
  A bullfrog skeleton (D:5)
  Natasha (thrice) (D:2)
  An iguana (D:4)
  A merfolk siren (Sewer)
  3 orc wizards (D:6)
  5 worker ants
  A merfolk avatar (Sewer)
  2 hound skeletons
  2 worker ant zombies
  9 gnolls (Bailey)
  11 adders
  3 river rats (D:3)
  A shadow imp (D:5)
  2 oozes
  An adder skeleton (D:5)
  2 worms (D:2)
  4 dart slugs
  3 fire bats (D:5)
  7 leopard geckos
  28 orcs
  2 spectral bats (D:5)
  11 ball pythons
  3 bat skeletons (D:5)
  A bat zombie (D:5)
  9 giant cockroaches
  29 goblins
  15 hobgoblins
  2 jackals (D:8)
  4 quokkas
  18 bats
  A bat simulacrum (D:5)
  7 frilled lizards
  A jackal skeleton (D:7)
  13 kobolds
  2 quokka skeletons
  30 rats
277 creatures vanquished.

Vanquished Creatures (others)
  A lurking horror (Abyss:2)
  4 starspawn tentacles (Abyss:2)
5 creatures vanquished.

Grand Total: 282 creatures vanquished

Notes
Turn   | Place    | Note
-------+----------+-------------------------------------------
     0 | D:1      | gruber the Minotaur Fighter began the quest for the Orb.
     0 | D:1      | Reached XP level 1. HP: 19/19 MP: 0/0
   157 | D:1      | Reached skill level 3 in Long Blades
   261 | D:1      | Reached XP level 2. HP: 26/26 MP: 1/1
   614 | D:1      | Reached skill level 4 in Long Blades
   617 | D:1      | Reached XP level 3. HP: 14/31 MP: 2/2
  1025 | D:2      | Reached skill level 5 in Long Blades
  1118 | D:2      | Noticed Natasha
  1132 | D:2      | Killed Natasha
  1132 | D:2      | Reached XP level 4. HP: 14/39 MP: 3/3
  1616 | D:2      | Noticed Natasha
  1625 | D:2      | Killed Natasha
  1625 | D:2      | Reached skill level 6 in Long Blades
  1725 | D:2      | Noticed Natasha
  1735 | D:2      | Killed Natasha
  1735 | D:2      | Reached XP level 5. HP: 15/45 MP: 4/4
  2173 | D:3      | Found a glowing drain.
  2187 | Sewer    | Entered a sewer
  2294 | Sewer    | Reached skill level 7 in Long Blades
  2639 | Sewer    | Reached XP level 6. HP: 43/51 MP: 5/5
  3010 | D:3      | Reached skill level 5 in Armour
  3946 | D:4      | You fall into a shaft and drop 3 floors!
  3953 | D:7      | Noticed a hungry ghost
  3968 | D:7      | Killed a hungry ghost
  3974 | D:7      | Found Ucion's Armour Shop.
  4123 | D:6      | Noticed an ice beast
  4134 | D:6      | Killed an ice beast
  4134 | D:6      | Reached XP level 7. HP: 57/57 MP: 6/6
  4183 | D:6      | Found a staircase to the Ecumenical Temple.
  4203 | Temple   | Entered the Ecumenical Temple
  4394 | Temple   | Became a worshipper of Makhleb the Destroyer
  4908 | D:6      | Noticed a hippogriff
  4921 | D:6      | Killed a hippogriff
  4921 | D:6      | Reached skill level 10 in Armour
  4921 | D:6      | Reached XP level 8. HP: 41/64 MP: 7/7
  5072 | D:5      | Entered Level 5 of the Dungeon
  5134 | D:4      | Reached skill level 5 in Shields
  5269 | D:4      | Found a radiant altar of Vehumet.
  5581 | D:4      | Got a translucent dagger
  5582 | D:4      | Identified the +7 dagger "Kiosihu" {antimagic, Str+4
                  | Stlth-} (You found it on level 4 of the Dungeon)
  6211 | D:5      | Found a white marble altar of Elyvilon.
  6358 | D:5      | Found a runed translucent gate.
  6358 | D:5      | Found a runed translucent gate.
  6358 | D:5      | Found a runed translucent gate.
  6359 | D:5      | Noticed Velaskes's ghost (amateur DsAK)
  6678 | D:5      | Reached * piety under Makhleb
  7142 | D:6      | Reached XP level 9. HP: 73/73 MP: 2/8
  7309 | D:7      | Reached skill level 5 in Fighting
  7638 | D:7      | Found a blossoming altar of Fedhas.
  7639 | D:7      | Found an ancient bone altar of Kikubaaqudgha.
  7869 | D:8      | Found a flagged portal.
  7899 | D:8      | Noticed a manticore
  7919 | D:8      | Killed a manticore
  8128 | Bailey   | Entered a bailey
  8244 | Bailey   | Reached ** piety under Makhleb
  8627 | Bailey   | Reached skill level 8 in Long Blades
  8786 | Bailey   | Reached *** piety under Makhleb
  8828 | Bailey   | Reached skill level 9 in Long Blades
  8934 | Bailey   | Reached XP level 10. HP: 62/91 MP: 3/9
  9083 | Bailey   | Noticed an orc warlord
  9106 | Bailey   | Killed an orc warlord
  9106 | Bailey   | Reached skill level 10 in Long Blades
  9109 | Bailey   | Reached skill level 11 in Long Blades
  9631 | D:8      | Noticed Psyche
  9636 | D:8      | Cast into level 2 of the Abyss (Psyche)
  9681 | Abyss:2  | Noticed a spiny frog
  9688 | Abyss:2  | Killed a spiny frog
  9704 | Abyss:2  | Noticed a tentacled starspawn
  9720 | Abyss:2  | Noticed a wizard
  9725 | Abyss:2  | Paralysed by a wizard for 4 turns
  9740 | Abyss:2  | Killed from afar by a wizard

Illustrated notes

Levels and vault maps discovered:
D:1:      giann_forest_graveyard, layout_loops_ring
D:2:      layout_loops_ring, uniq_natasha
D:3:      layout_basic, portal_sewer_entry_e, due_unseen_surprise
D:4:      layout_basic, first_ration, hangedman_decor_push,
          vehumet_altar_wand_db
D:5:      layout_gridville, elyvilon_altar_1, gammafunk_ghost_nasty_kobolds,
          goddamned_bats
D:6:      layout_gridville, minmay_temple_entry_statues_fountains
D:7:      layout_basic, grunt_temple_overflow_growth_and_decay, serial_shops,
          shop
D:8:      layout_cave_pools, grunt_temple_overflow_open, david_lair_generic,
          enter_bailey_2, uniq_psyche
Temple:   bh_familiar_temple
Abyss:2:  base: D:4, hangedman_abyss_mock_shop

Skill      XL: |  1  2  3  4  5  6  7  8  9 10 |
---------------+-------------------------------+-----
Long Blades    | 3 4 5 6 7 9 11 | 11.8
Armour         | 4 7 10 | 10.2
Shields        | 8 |  8.1
Fighting       | 4 9 |  9.2

Action                   |  1- 3 |  4- 6 |  7- 9 | 10-12 || total
-------------------------+-------+-------+-------+-------++-------
Melee: Long sword        |   121 |   247 |   120 |       ||   488
       Headbutt          |    15 |    42 |    93 |    24 ||   174
       Dagger            |       |       |   365 |    92 ||   457
Throw: Dart              |       |     2 |    13 |    11 ||    26
Invok: Lesser Servant of |       |       |       |     1 ||     1
Evoke: Wand              |       |       |       |    10 ||    10
  Use: Potion            |       |     1 |       |     2 ||     3
       Scroll            |       |       |     8 |       ||     8
 Stab: Distracted        |       |       |       |     1 ||     1
  Eat: Chunk             |     1 |     9 |    15 |     3 ||    28
       Ration            |       |     1 |       |       ||     1
Armor: Scale mail        |    14 |       |       |       ||    14
       Plate armour      |    71 |    90 |   227 |    14 ||   402
Dodge: Dodged            |     9 |    26 |    76 |     5 ||   116
Block: Kite shield       |    53 |   104 |   245 |    24 ||   426
       Rpst.: Long sword |     3 |     7 |     4 |       ||    14
